ITL
ALLENTOWN HILLBILLIES @ RICHMOND FLAIRS
09/12/2030
 
TOP OF THE 1ST
Allentown Hillbillies batting - Pitching for Richmond Flairs : RHP Albert Sánchez
Pitching: RHP Albert Sánchez
Batting: LHB Júlio Lorenzo 0-0: Called Strike
0-1: Ball
1-1: Ball
2-1: Foul Ball, location: 2F
2-2: Ball
3-2: Base on Balls
Batting: SHB Travis Martin 0-0: Called Strike
0-1: Ball
1-1: Ball
2-1: Foul Ball, location: 2F
2-2: Ball
3-2: Fly out, F9 (Flyball, 9LS)
Batting: LHB Eduardo Rodríguez 0-0: Ball
1-0: SINGLE (Line Drive, 56D)
Júlio Lorenzo to second
Batting: RHB Germano Labrego 0-0: Ball
1-0: Ball
2-0: Foul Ball, location: 2F
2-1: Ground out 5-3 (Groundball, 56S)
Júlio Lorenzo to third
Eduardo Rodríguez to second
Batting: RHB Donald Sanford 0-0: Foul Ball, location: 2F
0-1: Ball
1-1: Fly out, F7 (Flyball, 7LS)
Top of the 1st over - 0 runs, 1 hit, 0 errors, 2 left on base; Allentown 0 - Richmond 0
BOTTOM OF THE 1ST
Richmond Flairs batting - Pitching for Allentown Hillbillies : RHP Carlos García
Pitching: RHP Carlos García
Batting: LHB José Garza 0-0: Ball
1-0: Called Strike
1-1: Ground out 4-3 (Groundball, 4S)
Batting: LHB Claudio Rodríguez 0-0: Called Strike
0-1: Called Strike
0-2: Ball
1-2: Ball
2-2: Ball
3-2: Base on Balls
Batting: LHB Sean Nicks 0-0: Ball
1-0: Foul Ball, location: 2F
1-1: Ball
2-1: Ball
3-1: Foul Ball, location: 2F
3-2: Base on Balls
Claudio Rodríguez to second
Batting: LHB Roland Jones 0-0: Foul Ball, location: 2F
0-1: Ball
1-1: SINGLE (Groundball, 34D)
Claudio Rodríguez to third
Sean Nicks to second
Batting: RHB Christian Hudson 0-0: Ball
1-0: Ball
2-0: Ball
3-0: Swinging Strike
3-1: Base on Balls
Claudio Rodríguez scores
Sean Nicks to third
Roland Jones to second
Batting: RHB Jack Ray 0-0: Ball
1-0: Ball
2-0: Called Strike
2-1: Fly out, F9 (Flyball, 89M)
Runner from 3rd tags up, SCORES, throw made
Batting: RHB Alejandro Ramos 0-0: Ball
1-0: Fielders Choice at 2nd, 6-4 (Groundball, 6)
Bottom of the 1st over - 2 runs, 1 hit, 0 errors, 2 left on base; Allentown 0 - Richmond 2
TOP OF THE 2ND
Allentown Hillbillies batting - Pitching for Richmond Flairs : RHP Albert Sánchez
Batting: RHB Diego Rivera 0-0: Ball
1-0: Swinging Strike
1-1: SOLO HOME RUN (Line Drive, 9D), Distance : 379 ft
Batting: RHB Robert Bly 0-0: Foul Ball, location: 2F
0-1: Called Strike
0-2: Foul Ball, location: 2F
0-2: Ball
1-2: Ball
2-2: Ball
3-2: Base on Balls
Batting: RHB Justin Harris 0-0: Ball
1-0: Called Strike
1-1: Called Strike
1-2: Strikes out looking
Batting: RHB Jeff Townsley 0-0: Ball
1-0: Fielders Choice at 2nd, 6-4 (Groundball, 56)
Batting: LHB Júlio Lorenzo 0-0: Ball
Jeff Townsley is caught stealing 2nd base
Top of the 2nd over - 1 run, 1 hit, 0 errors, 0 left on base; Allentown 1 - Richmond 2
BOTTOM OF THE 2ND
Richmond Flairs batting - Pitching for Allentown Hillbillies : RHP Carlos García
Batting: RHB Gilberto Guzmán 0-0: Ball
1-0: Foul Ball, location: 2F
1-1: Ball
2-1: SINGLE (Groundball, 4S) (infield hit)
Batting: RHB Juan López 0-0: Called Strike
0-1: Ball
1-1: Swinging Strike
1-2: Ball
2-2: Foul Ball, location: 2F
2-2: Ball
3-2: Base on Balls
Gilberto Guzmán to second
Batting: LHB José Garza 0-0: Ball
1-0: Called Strike
1-1: Foul Ball, location: 2F
1-2: Ball
2-2: Foul Ball, location: 2F
2-2: Ball
3-2: DOUBLE (Line Drive, 78D)
Gilberto Guzmán scores
Juan López to third
Batting: LHB Claudio Rodríguez 0-0: Ball
1-0: Ball
2-0: Called Strike
2-1: Ball
3-1: Base on Balls
Batting: LHB Sean Nicks 0-0: Swinging Strike
0-1: DOUBLE (Line Drive, 9LS)
Juan López scores
José Garza scores
Claudio Rodríguez to third
Batting: LHB Roland Jones 0-0: Called Strike
0-1: Ball
1-1: Called Strike
1-2: Foul Ball, location: 2F
1-2: Ball
2-2: Ball
3-2: Base on Balls
Batting: RHB Christian Hudson 0-0: Called Strike
0-1: Ball
1-1: Ground out 4-3 (Groundball, 4S)
Claudio Rodríguez scores
Sean Nicks to third
Roland Jones to second
Batting: RHB Jack Ray 0-0: Ball
1-0: Ball
2-0: Ball
3-0: Base on Balls
Batting: RHB Alejandro Ramos 0-0: SINGLE (Groundball, 6MD)
Sean Nicks scores
Roland Jones to third
Jack Ray to second
Runner from 3rd tries for Home, SAFE, no throw
Batting: RHB Gilberto Guzmán 0-0: Fielders Choice at 3rd, U5 (Groundball, 5L)
Alejandro Ramos to second
Batting: RHB Juan López 0-0: Called Strike
0-1: Foul Ball, location: 2F
0-2: Ball
1-2: Foul Ball, location: 2F
1-2: Foul Ball, location: 2F
1-2: Ball
2-2: Foul Ball, location: 2F
2-2: Foul Ball, location: 2F
2-2: Ball
3-2: Strikes out looking
Bottom of the 2nd over - 6 runs, 4 hits, 0 errors, 2 left on base; Allentown 1 - Richmond 8
TOP OF THE 3RD
Allentown Hillbillies batting - Pitching for Richmond Flairs : RHP Albert Sánchez
Batting: LHB Júlio Lorenzo 0-0: Ball
1-0: Ball
2-0: Fly out, F4 (Popup, 4MD)
Batting: SHB Travis Martin 0-0: Foul Ball, location: 2F
0-1: Ball
1-1: Ball
2-1: Ball
3-1: Base on Balls
Batting: LHB Eduardo Rodríguez 0-0: Fly out, F2 (Popup, 2R)
Batting: RHB Germano Labrego 0-0: Ball
1-0: Foul Ball, location: 2F
1-1: Foul Ball, location: 2F
1-2: Fly out, F8 (Flyball, 8RD)
Top of the 3rd over - 0 runs, 0 hits, 0 errors, 1 left on base; Allentown 1 - Richmond 8
BOTTOM OF THE 3RD
Richmond Flairs batting - Pitching for Allentown Hillbillies : RHP Carlos García
Batting: LHB José Garza 0-0: Ball
1-0: Ball
2-0: Ball
3-0: Called Strike
3-1: Foul Ball, location: 2F
3-2: Base on Balls
Batting: LHB Claudio Rodríguez 0-0: Ball
1-0: Called Strike
1-1: Ball
2-1: SINGLE (Groundball, 4MD)
José Garza to second
Batting: LHB Sean Nicks 0-0: Ball
1-0: Called Strike
1-1: Foul Ball, location: 2F
1-2: Foul Ball, location: 2F
1-2: Ball
2-2: Strikes out swinging
Batting: LHB Roland Jones 0-0: Fly out, F9 (Flyball, 9LM)
Batting: RHB Christian Hudson 0-0: Called Strike
0-1: Ball
1-1: Ball
2-1: Ball
3-1: Base on Balls
José Garza to third
Claudio Rodríguez to second
Batting: RHB Jack Ray 0-0: Called Strike
0-1: Swinging Strike
0-2: SINGLE (Groundball, 34) (infield hit)
José Garza scores
Claudio Rodríguez to third
Christian Hudson to second
Batting: RHB Alejandro Ramos 0-0: Fly out, F5 (Line Drive, 56)
Bottom of the 3rd over - 1 run, 2 hits, 0 errors, 3 left on base; Allentown 1 - Richmond 9
TOP OF THE 4TH
Allentown Hillbillies batting - Pitching for Richmond Flairs : RHP Albert Sánchez
Batting: RHB Donald Sanford 0-0: Ball
1-0: Called Strike
1-1: Foul Ball, location: 2F
1-2: Foul Ball, location: 2F
1-2: Ball
2-2: Ball
3-2: Ground out 6-3 (Groundball, 6)
Batting: RHB Diego Rivera 0-0: Swinging Strike
0-1: Called Strike
0-2: Strikes out swinging
Batting: RHB Robert Bly 0-0: Swinging Strike
0-1: Ball
1-1: Ground out 6-3 (Groundball, 6)
Top of the 4th over - 0 runs, 0 hits, 0 errors, 0 left on base; Allentown 1 - Richmond 9
BOTTOM OF THE 4TH
Richmond Flairs batting - Pitching for Allentown Hillbillies : RHP Carlos García
Batting: RHB Gilberto Guzmán 0-0: Ball
1-0: Ball
2-0: Called Strike
2-1: Ball
3-1: Base on Balls
Pitching: LHP Emílio Trevino
Batting: RHB Juan López 0-0: Ball
1-0: Ball
2-0: Ball
3-0: Called Strike
3-1: Base on Balls
Gilberto Guzmán to second
Batting: LHB José Garza 0-0: Called Strike
0-1: Fly out, F8 (Flyball, 8LS)
Batting: LHB Claudio Rodríguez 0-0: Ball
1-0: Ball
2-0: Called Strike
2-1: DOUBLE (Line Drive, 9LM)
Gilberto Guzmán scores
Juan López to third
Batting: LHB Sean Nicks 0-0: Called Strike
0-1: Ball
1-1: Called Strike
1-2: Ball
2-2: Ball
3-2: Base on Balls
Batting: LHB Roland Jones 0-0: SINGLE (Line Drive, 78M)
Juan López scores
Claudio Rodríguez to third
Sean Nicks to second
Batting: RHB Christian Hudson 0-0: Ball
1-0: Foul Ball, location: 2F
1-1: Ball
2-1: Ball
3-1: Foul Ball, location: 2F
3-2: Fly out, F9 (Flyball, 9S)
Batting: RHB Jack Ray 0-0: Foul Ball, location: 2F
0-1: Foul Ball, location: 2F
0-2: Ball
1-2: Fly out, F9 (Flyball, 9)
Bottom of the 4th over - 2 runs, 2 hits, 0 errors, 3 left on base; Allentown 1 - Richmond 11
TOP OF THE 5TH
Allentown Hillbillies batting - Pitching for Richmond Flairs : RHP Albert Sánchez
Batting: RHB Justin Harris 0-0: Ball
1-0: Fly out, F3 (Popup, 3S)
Batting: RHB Jeff Townsley 0-0: Ground out 4-3 (Groundball, 4)
Batting: LHB Júlio Lorenzo 0-0: Ball
1-0: Ball
2-0: Foul Ball, location: 2F
2-1: Foul Ball, location: 2F
2-2: Ball
3-2: Ground out U3 (Groundball, 34S)
Top of the 5th over - 0 runs, 0 hits, 0 errors, 0 left on base; Allentown 1 - Richmond 11
BOTTOM OF THE 5TH
Richmond Flairs batting - Pitching for Allentown Hillbillies : LHP Emílio Trevino
Batting: RHB Alejandro Ramos 0-0: Called Strike
0-1: Ground out 6-3 (Groundball, 6)
Batting: RHB Gilberto Guzmán 0-0: Called Strike
0-1: Ball
1-1: Ball
2-1: SINGLE (Groundball, 56D)
Batting: RHB Juan López 0-0: SINGLE (Line Drive, 7S)
Gilberto Guzmán to second
Batting: LHB José Garza 0-0: Called Strike
0-1: Foul Ball, location: 2F
0-2: Ball
1-2: Ball
2-2: Fielders Choice at 2nd, 6-4 (Groundball, 6M)
Gilberto Guzmán to third
Batting: LHB Claudio Rodríguez 0-0: Called Strike
0-1: Foul Ball, location: 2F
0-2: Ground out U3 (Groundball, 3)
Bottom of the 5th over - 0 runs, 2 hits, 0 errors, 2 left on base; Allentown 1 - Richmond 11
TOP OF THE 6TH
Allentown Hillbillies batting - Pitching for Richmond Flairs : RHP Albert Sánchez
Batting: SHB Travis Martin 0-0: Ball
1-0: Ball
2-0: Called Strike
2-1: Ball
3-1: Called Strike
3-2: Foul Ball, location: 2F
3-2: Base on Balls
Batting: LHB Eduardo Rodríguez 0-0: Called Strike
0-1: Ball
1-1: Foul Ball, location: 2F
1-2: Ball
2-2: Strikes out swinging
Batting: RHB Germano Labrego
Pinch Hitting: RHB Wyatt McKinnon 0-0: Ball
1-0: Swinging Strike
1-1: Called Strike
1-2: Strikes out swinging
Batting: RHB Donald Sanford 0-0: Ball
1-0: Foul Ball, location: 2F
1-1: Foul Ball, location: 2F
1-2: Ball
2-2: Ball
3-2: Fly out, F4 (Line Drive, 4)
Top of the 6th over - 0 runs, 0 hits, 0 errors, 1 left on base; Allentown 1 - Richmond 11
BOTTOM OF THE 6TH
Richmond Flairs batting - Pitching for Allentown Hillbillies : LHP Emílio Trevino
Now in RF: Wyatt McKinnon
Batting: LHB Sean Nicks 0-0: Ball
1-0: Foul Ball, location: 2F
1-1: Fly out, F9 (Flyball, 9S)
Batting: LHB Roland Jones 0-0: Called Strike
0-1: Ball
1-1: Swinging Strike
1-2: Ball
2-2: Foul Ball, location: 2F
2-2: Foul Ball, location: 2F
2-2: Ball
3-2: Fly out, F7 (Flyball, 78S)
Batting: RHB Christian Hudson 0-0: SOLO HOME RUN (Flyball, 7LD), Distance : 344 ft
Batting: RHB Jack Ray 0-0: Ball
1-0: Foul Ball, location: 2F
1-1: Ball
2-1: Ball
3-1: Foul Ball, location: 2F
3-2: Base on Balls
Batting: RHB Alejandro Ramos 0-0: Ball
1-0: Called Strike
1-1: Ball
2-1: Foul Ball, location: 2F
2-2: Ball
3-2: Base on Balls
Jack Ray to second
Pitching: RHP Juan Magdayao
Batting: RHB Gilberto Guzmán 0-0: Ball
Balk!
Jack Ray to third
Alejandro Ramos to second
1-0: Fly out, F7 (Flyball, 7)
Bottom of the 6th over - 1 run, 1 hit, 0 errors, 2 left on base; Allentown 1 - Richmond 12
TOP OF THE 7TH
Allentown Hillbillies batting - Pitching for Richmond Flairs : RHP Albert Sánchez
Batting: RHB Diego Rivera 0-0: Ball
1-0: Foul Ball, location: 2F
1-1: Swinging Strike
1-2: Foul Ball, location: 2F
1-2: Ball
2-2: Foul Ball, location: 2F
2-2: Foul Ball, location: 2F
2-2: Ball
3-2: Base on Balls
Pitching: RHP Albert Gonzáles
Batting: RHB Robert Bly 0-0: Called Strike
0-1: Ground out 6-3 (Groundball, 6)
Diego Rivera to second
Pinch Hitting: LHB Ryan Flynn 0-0: Ball
1-0: Ball
2-0: Ball
3-0: Base on Balls
Batting: RHB Jeff Townsley 0-0: Ball
1-0: Ball
Wild Pitch!
Diego Rivera to third
Ryan Flynn to second
2-0: Foul Ball, location: 2F
2-1: Foul Ball, location: 2F
2-2: Ball
3-2: Fly out, F7 (Flyball, 78S)
Batting: LHB Júlio Lorenzo 0-0: Fly out, F5 (Popup, 5SF)
Top of the 7th over - 0 runs, 0 hits, 0 errors, 2 left on base; Allentown 1 - Richmond 12
BOTTOM OF THE 7TH
Richmond Flairs batting - Pitching for Allentown Hillbillies : RHP Juan Magdayao
Now at 3B: Alfonso Ruíz
Batting: RHB Juan López 0-0: SINGLE (Groundball, 34D)
Batting: LHB José Garza 0-0: Ball
1-0: Called Strike
Juan López is caught stealing 2nd base
1-1: Ball
2-1: Foul Ball, location: 2F
2-2: Ball
3-2: Foul Ball, location: 2F
3-2: TRIPLE (Line Drive, 8RXD)
Batting: LHB Claudio Rodríguez 0-0: Called Strike
0-1: Ball
1-1: Called Strike
1-2: Foul Ball, location: 2F
1-2: Ball
Wild Pitch!
José Garza scores
2-2: Ball
3-2: Base on Balls
Batting: LHB Sean Nicks 0-0: Grounds into double play, 4-6-3 (Groundball, 34D)
Bottom of the 7th over - 1 run, 2 hits, 0 errors, 0 left on base; Allentown 1 - Richmond 13
TOP OF THE 8TH
Allentown Hillbillies batting - Pitching for Richmond Flairs : RHP Albert Gonzáles
Batting: SHB Travis Martin 0-0: Ball
1-0: Called Strike
1-1: Called Strike
1-2: Foul Ball, location: 2F
1-2: Ball
2-2: Ball
3-2: Foul Ball, location: 2F
3-2: Base on Balls
Pitching: RHP Brendan Green
Batting: LHB Eduardo Rodríguez 0-0: Ball
1-0: Called Strike
1-1: Ball
2-1: Ball
3-1: Called Strike
3-2: SINGLE (Groundball, 4MD)
Travis Martin to second
Batting: RHB Wyatt McKinnon 0-0: Foul Ball, location: 2F
0-1: Fly out, F8 (Flyball, 8RD)
Pitching: RHP Nelson Britt
Batting: RHB Donald Sanford 0-0: Called Strike
0-1: Ball
1-1: Ball
2-1: Ball
3-1: Base on Balls
Travis Martin to third
Eduardo Rodríguez to second
Batting: RHB Diego Rivera 0-0: Foul Ball, location: 2F
0-1: Foul Ball, location: 2F
0-2: Strikes out swinging
Batting: RHB Robert Bly 0-0: Ball
1-0: Fielders Choice at 2nd, 6-4 (Groundball, 6)
Top of the 8th over - 0 runs, 1 hit, 0 errors, 3 left on base; Allentown 1 - Richmond 13
BOTTOM OF THE 8TH
Richmond Flairs batting - Pitching for Allentown Hillbillies : RHP Juan Magdayao
Batting: LHB Roland Jones 0-0: Swinging Strike
0-1: Ball
1-1: DOUBLE (Flyball, 7D)
Batting: RHB Christian Hudson 0-0: Foul Ball, location: 2F
0-1: Ball
1-1: Swinging Strike
1-2: Hit by Pitch
Pinch Hitting: RHB Guo-xiu Hsueh 0-0: Called Strike
0-1: Ball
1-1: Foul Ball, location: 2F
1-2: Foul Ball, location: 2F
1-2: Ball
2-2: Ball
3-2: Fly out, F7 (Flyball, 78S)
Batting: RHB Alejandro Ramos 0-0: Ball
1-0: Ball
2-0: Ball
3-0: Base on Balls
Roland Jones to third
Christian Hudson to second
Batting: RHB Gilberto Guzmán 0-0: Ball
1-0: Foul Ball, location: 2F
1-1: Swinging Strike
1-2: Grounds into double play, 6-4-3 (Groundball, 6M)
Bottom of the 8th over - 0 runs, 1 hit, 0 errors, 2 left on base; Allentown 1 - Richmond 13
TOP OF THE 9TH
Allentown Hillbillies batting - Pitching for Richmond Flairs : RHP Nelson Britt
Now at 3B: Guo-xiu Hsueh
Now at SS: Jeremy Holmes
Batting: LHB Alfonso Ruíz 0-0: Swinging Strike
0-1: Fly out, F6 (Line Drive, 6)
Batting: RHB Jeff Townsley 0-0: Ball
1-0: Ball
2-0: Ball
3-0: Called Strike
3-1: Base on Balls
Batting: LHB Júlio Lorenzo 0-0: Called Strike
0-1: Ball
1-1: Swinging Strike
1-2: Ball
2-2: Strikes out swinging
Pinch Hitting: RHB Albert Lutz 0-0: Ball
1-0: Swinging Strike
1-1: Called Strike
1-2: Strikes out swinging
Top of the 9th over - 0 runs, 0 hits, 0 errors, 1 left on base; Allentown 1 - Richmond 13
Saturday, April 7th, 2018 - OOTP Baseball 18.8 Build 76